 Dungeon Crawl Stone Soup version 0.30-a0-924-g0ad0bf95bc (webtiles) character file.

Game seed: 5916101091184573358

6290 GloriousHammer the Fighter (level 10, -6/118 HPs)
             Began as an Ogre Cinder Acolyte on Mar 22, 2023.
             Was a Follower of Ignis.
             Mangled by an orc knight
             ... wielding a +0 glaive
              (12 damage)
             ... in a bailey.
             The game lasted 00:14:26 (9651 turns).

GloriousHammer the Fighter (Ogre Cinder Acolyte)    Turns: 9651, Time: 00:14:26

Health: -6/118     AC: 20    Str: 24    XL:     10   Next: 94%
Magic:  10/14      EV:  9    Int: 21    God:    Ignis [*.....]
Gold:   669        SH:  0    Dex:  4    Spells: 13/15 levels left

rFire   . . .      SeeInvis .    z - +3 flail (protect)
rCold   . . .      Faith    .    (no shield)
rNeg    . . .      Spirit   .    j - +1 robe "Ugar" {rElec rF- Str+4 Int+2}
rPois   +          Reflect  .    f - +2 hat of Quantum Leap {rPois}
rElec   +          Rampage  .    (no cloak)
rCorr   .                        (gloves unavailable)
Will    +....                    (boots unavailable)
Stlth   +                        (no amulet)
HPRegen 0.39/turn                L - ring of flight
MPRegen 0.14/turn                (no ring)

@: under a protective aura, fiery-armoured, flying
A: large, unfitting armour, tough skin 1
a: Renounce Religion, Fiery Armour, Foxfire Swarm, Rising Flame


You were in a bailey.
You worshipped Ignis.
Ignis was aware of your devotion.
You visited 2 branches of the dungeon, and saw 9 of its levels.
You also visited: Bailey.

You collected 669 gold pieces.

Inventory:

Hand Weapons
 a - a -1 mace of flaming
 r - the +6 sling "Hydraslayer" {elec, Str+3 Dex-5 Stlth+}
   (You found it on level 4 of the Dungeon)

   Str:       It affects your strength (+3).
   Dex:       It affects your dexterity (-5).
   Stlth:     It makes you more stealthy.
 z - a +3 flail of protection (weapon)
 F - a +4 morningstar of freezing
Missiles
 k - 31 stones
 n - 5 javelins
 w - 7 boomerangs
 B - 2 large rocks (quivered)
 D - 2 throwing nets
Armour
 f - the +2 hat of Quantum Leap (worn) {rPois}
   (You acquired it on level 8 of the Dungeon)

   rPois:     It protects you from poison.
 j - the +1 robe "Ugar" (worn) {rElec rF- Str+4 Int+2}
   (You found it on level 2 of the Dungeon)

   Str:       It affects your strength (+4).
   Int:       It affects your intelligence (+2).
   rF:        It makes you vulnerable to fire.
   rElec:     It insulates you from electricity.
Jewellery
 L - a ring of flight (left hand)
Wands
 m - a wand of roots (5)
 o - a wand of digging (6)
 p - a wand of paralysis (14)
 v - a wand of light (11)
Scrolls
 c - 6 scrolls of teleportation
 d - 4 scrolls of amnesia
 g - 4 scrolls of vulnerability
 i - a scroll of fog
 l - a scroll of enchant armour
 q - a scroll of enchant weapon
 s - 2 scrolls of immolation
 y - a scroll of noise
Potions
 b - 2 potions of heal wounds {unknown}
 e - 3 potions of might {unknown}
 h - 3 potions of curing
 t - 2 potions of cancellation {unknown}
 u - 3 potions of brilliance {unknown}
 x - 3 potions of mutation {unknown}
 A - 2 potions of lignification {unknown}
 C - a potion of degeneration {unknown}
 E - 4 potions of invisibility {unknown}
 G - 2 potions of haste {unknown}
 H - a potion of magic {unknown}


   Skills:
 + Level 12.6 Fighting
 + Level 9.0 Maces & Flails
 + Level 8.8 Throwing
 - Level 3.1 Spellcasting
 - Level 3.6 Fire Magic
 + Level 4.2 Evocations


You had 13 spell levels left.
You knew the following spells:

 Your Spells              Type           Power      Damage    Failure   Level
a - Scorch                Fire           36%        2d7       4%          2

Your spell library contained the following spells:

 Spells                   Type           Power      Damage    Failure   Level
 Kiss of Death            Conj/Necr      12%        2d6       13%         1
 Cigotuvi's Dreadful Rot  Necr/Pois/Air  6%         N/A       21%         2
 Poisonous Vapours        Pois/Air       6%         N/A       21%         2
 Kindle Blastsparks       Fire/Tloc/Air  16%        2d11      24%         3
 Confusing Touch          Hex            3%         N/A       36%         3
 Mephitic Cloud           Conj/Pois/Air  3%         N/A       36%         3
 Dispel Undead            Necr           3%         3d7       78%         4
 Fulminant Prism          Conj/Hex       1%         3d5       78%         4
 Iskenderun's Mystic Bla  Conj/Tloc      3%         2d3       78%         4
 Lee's Rapid Deconstruct  Erth           1%         3d4*      98%         5
 Death Channel            Necr           1%         N/A       100%        6


Dungeon Overview and Level Annotations

Branches:
Dungeon (8/15)             Temple (1/1) D:7          Bailey (1/1)
   Lair: D:8-11

Altars:
Ashenzari
Cheibriados
Dithmenos
Fedhas
Gozag
Hepliaklqana
Makhleb
Nemelex Xobeh
Qazlal
Ru
Sif Muna
Trog
Uskayaw
Vehumet
Wu Jian
Xom
Yredelemnul


Innate Abilities, Weirdness & Mutations

You are too large for most types of armour.
You have tough skin. (AC +1)


Message History

The orc knight is moderately wounded.
The foxfire hits the orc knight but does no damage.
The orc knight is moderately wounded.
The foxfire hits the orc knight but does no damage.
The orc knight is moderately wounded.
The foxfire hits the orc knight but does no damage.
The orc knight is moderately wounded.
The foxfire hits the orc knight but does no damage.
The orc knight is moderately wounded.
The foxfire hits the orc knight but does no damage.
The orc knight is moderately wounded.
The foxfire hits the orc knight.
The orc knight is moderately wounded.
The foxfire hits the orc knight.
The orc knight is moderately wounded.
The foxfire hits the orc knight but does no damage.
The orc knight is moderately wounded.
The foxfire hits the orc knight.
The orc knight is moderately wounded.
The foxfire hits the orc knight but does no damage.
The orc knight is moderately wounded.
The foxfire hits the orc knight but does no damage.
The orc knight is moderately wounded.
The foxfire hits the orc knight.
The orc knight is moderately wounded.
The foxfire hits the orc knight.
The orc knight is moderately wounded.
The foxfire hits the orc knight.
The orc knight is moderately wounded.
Throw: 3 large rocks
Press: ? - help, Q - select action, (/) - cycle Shift-Dir - straight line, f - orc knight
Aim: an orc knight, wielding a +0 glaive and wearing a +0 chain mail (moderately wounded, strong, 61% to hit)
You throw a large rock. The large rock hits the orc knight.
The orc knight is moderately wounded.
The orc knight roars a battlecry!
The orc knight goes into a battle-frenzy!
Things that are here:
a +0 spear; a +0 scale mail The orc knight no longer looks unusually strong.
You see here a +0 trident.
There is an open gate here.
You see here a large rock.
Activating: Foxfire Swarm
Press: ? - help, Dir - look around, f - activate Flames leap up around you!
The orc knight barely misses you.
Your foxfire dissipates!
The foxfire hits the orc knight but does no damage.
The orc knight is moderately wounded.
The foxfire hits the orc knight.
The orc knight is moderately wounded.
The foxfire hits the orc knight but does no damage.
The orc knight is lightly wounded.
The foxfire hits the orc knight but does no damage.
The orc knight is lightly wounded.
The foxfire hits the orc knight.
The orc knight is lightly wounded.
The foxfire hits the orc knight.
The orc knight is moderately wounded.
The foxfire hits the orc knight but does no damage.
The orc knight is moderately wounded.
The foxfire hits the orc knight but does no damage.
The orc knight is moderately wounded.
The foxfire hits the orc knight.
The orc knight is moderately wounded.
The foxfire hits the orc knight but does no damage.
The orc knight is moderately wounded.
The foxfire hits the orc knight but does no damage.
The orc knight is moderately wounded.
The foxfire hits the orc knight.
The orc knight is moderately wounded.
The foxfire hits the orc knight.
The orc knight is moderately wounded.
The foxfire hits the orc knight but does no damage.
The orc knight is moderately wounded.
The foxfire hits the orc knight but does no damage.
The orc knight is moderately wounded.
Aiming: Bolt of Light
Press: ? - help, Shift-Dir - straight line, f - orc knight
Aim: an orc knight, wielding a +0 glaive and wearing a +0 chain mail (moderately wounded, 71% to hit)
The bolt of light hits the orc knight.
The orc knight is moderately wounded.
The orc knight is blinded.
The bolt of light hits the orc knight!!
The orc knight is severely wounded.
The orc knight is blinded.
The foxfire hits the orc knight but does no damage.
The orc knight is severely wounded.
The orc knight roars a battlecry!
The orc knight goes into a battle-frenzy!
The orc knight hits you with a +0 glaive!! x2
* * * LOW HITPOINT WARNING * * *
The orc knight is burned by your cloak of flames.
The orc knight is moderately wounded.
You hit the orc knight.
Your weapon exudes an aura of protection.
The orc knight is heavily wounded.
The orc knight no longer looks unusually strong.
The orc knight hits you with a +0 glaive!
* * * LOW HITPOINT WARNING * * *
The orc knight hits you with a +0 glaive!
You die...

## ####### ###### .##
##.....#########.....#
..######.......#.....#..(....
..#....#).##...'(...))..#....
..'..)))))8....o@...)).(.....
..#....#))##...o..)..)..#....
..######.......#.....#.......
.## ##.....#########.....# ##
####### ######


You could see 2 orc knights.

Vanquished Creatures
  Grinder (D:3)
  Sigmund (D:2)
  A vampire (D:8)
  Edmund (D:6)
  2 black bears (D:6)
  4 orc warriors (Bailey)
  A centaur (D:7)
  2 phantoms
  A bullfrog (D:7)
  4 scorpions
  A water moccasin zombie (D:5)
  5 wights
  9 killer bees (D:8)
  3 howler monkeys (D:7)
  A bullfrog zombie (D:5)
  A centaur zombie (D:5)
  2 hounds
  2 gnoll boudas
  2 sleepcaps
  4 iguanas (D:5)
  A scorpion zombie (D:5)
  The ghost of relicbr the Sneak, a weakling SpDe of Dithmenos (D:4)
  A howler monkey zombie (D:5)
  6 adders
  17 gnolls
  A shadow imp (D:7)
  A white imp (D:7)
  2 ufetubi
  3 worms
  A dart slug (D:5)
  35 orcs
  5 ball pythons
  6 endoplasms
  9 goblins
  A hobgoblin (D:1)
  8 jackals
  7 kobolds
  2 quokkas (D:2)
  6 bats
  4 frilled lizards
  8 rats
173 creatures vanquished.

Vanquished Creatures (others)
  58 foxfires
  2 withered plants (D:4)
60 creatures vanquished.

Grand Total: 233 creatures vanquished

Notes
Turn   | Place    | Note
-------+----------+-------------------------------------------
     0 | D:1      | GloriousHammer the Ogre Cinder Acolyte began the quest for
                  | the Orb.
     0 | D:1      | Reached XP level 1. HP: 24/24 MP: 2/2
   128 | D:1      | Reached XP level 2. HP: 32/32 MP: 2/4
   180 | D:1      | Learned a level 2 spell: Scorch
  1080 | D:1      | Reached XP level 3. HP: 40/40 MP: 2/5
  1714 | D:2      | Identified the +1 robe "Ugar" {rElec rF- Str+4 Int+2}
  1820 | D:2      | Found a snail-covered altar of Cheibriados.
  1967 | D:2      | Noticed Sigmund
  1973 | D:2      | Killed Sigmund
  1974 | D:2      | Reached skill level 5 in Fighting
  1974 | D:2      | Reached XP level 4. HP: 44/50 MP: 1/8
  1974 | D:2      | Reached XP level 5. HP: 50/57 MP: 1/9
  2417 | D:2      | Reached XP level 6. HP: 65/66 MP: 2/10
  2837 | D:3      | Noticed Grinder
  2838 | D:3      | Paralysed by Grinder for 2 turns
  2848 | D:3      | Killed Grinder
  2849 | D:3      | Reached skill level 6 in Fighting
  2849 | D:3      | Reached skill level 1 in Throwing
  3100 | D:3      | Reached XP level 7. HP: 68/75 MP: 2/11
  3382 | D:3      | Found an ornate altar of the Wu Jian Council.
  3391 | D:3      | Found a shimmering blue altar of Sif Muna.
  3714 | D:4      | Found a blossoming altar of Fedhas.
  3755 | D:4      | Found a broken altar of Ashenzari.
  3789 | D:4      | Identified the +6 sling "Hydraslayer" {elec, Str+3 Dex-5
                  | Stlth+}
  3937 | D:4      | Found a runed translucent door.
  3937 | D:4      | Noticed relicbr's ghost (weakling SpDe)
  4231 | D:4      | Killed relicbr's ghost
  4324 | D:5      | Entered Level 5 of the Dungeon
  4664 | D:5      | Reached skill level 7 in Fighting
  4838 | D:5      | Reached skill level 5 in Maces & Flails
  4964 | D:5      | Reached XP level 8. HP: 87/87 MP: 7/12
  5349 | D:5      | Reached skill level 8 in Fighting
  5401 | D:5      | Found a basalt altar of Yredelemnul.
  5703 | D:5      | Found a burning altar of Makhleb.
  5703 | D:5      | Found an opulent altar of Gozag.
  5703 | D:5      | Found a stormy altar of Qazlal.
  5797 | D:6      | Noticed Edmund
  5804 | D:6      | Killed Edmund
  6050 | D:6      | Reached skill level 5 in Throwing
  6494 | D:6      | Reached skill level 9 in Fighting
  6494 | D:6      | Reached XP level 9. HP: 98/98 MP: 13/13
  7116 | D:7      | Found a radiant altar of Vehumet.
  7134 | D:7      | Found a staircase to the Ecumenical Temple.
  7191 | Temple   | Entered the Ecumenical Temple
  7191 | Temple   | Found a transporter.
  7191 | Temple   | Found a transporter.
  7205 | Temple   | Found a transporter.
  7205 | Temple   | Found a transporter.
  8234 | D:7      | Found a shadowy altar of Dithmenos.
  8351 | D:8      | Identified a scroll of acquirement
  8356 | D:8      | Acquired the +2 hat of Quantum Leap {rPois}
  8403 | D:8      | Reached skill level 10 in Fighting
  8474 | D:8      | Found a flagged portal.
  8545 | Bailey   | Entered a bailey
  9610 | Bailey   | Reached skill level 12 in Fighting
  9610 | Bailey   | Reached XP level 10. HP: 118/118 MP: 14/14
  9614 | Bailey   | Noticed an orc knight
  9614 | Bailey   | Noticed an orc knight
  9651 | Bailey   | Mangled by an orc knight

Illustrated notes

Levels and vault maps discovered:
D:1:      tarquinn_simple_flora_water_f, layout_loops_corners, serial_rivers,
          chequers_serial_rivers_room_a, chequers_serial_rivers_large_a,
          chequers_serial_rivers_small_a, chequers_serial_rivers_large_b,
          roderic_roman_lattice, nicolae_concentric_dashed_squares_mild,
          minmay_misc_feat_columns
D:2:      layout_basic, basic_altar, uniq_sigmund
D:3:      layout_rooms, jmf_multi_god_temple, uniq_grinder
D:4:      layout_rooms, fedhas_ov_isle_minmay,
          mainiacjoe_overflow_cross_hatched, gammafunk_ghost_grave,
          amcnicky_mini_pool_small
D:5:      layout_basic, gammafunk_temple_overflow_claw,
          nicolae_yredelemnul_corpse_copse
D:6:      layout_gridville, nrook_loot_triangle, uniq_edmund
D:7:      layout_loops_cross, mainiacjoe_overflow_alcove_1,
          mainiacjoe_overflow_chevrons, minmay_temple_entry_large_hall,
          kennysheep_generic_room_3
D:8:      layout_loops_ring, good_gods_temple_1, overflow_temple_1_default,
          enter_bailey_5
Temple:   hellmonk_temple_divided_pantheon
Bailey:   bailey_polearm_5, bailey

Skill      XL: |  1  2  3  4  5  6  7  8  9 10 |
---------------+-------------------------------+-----
Maces & Flails | 3 4 5 6 8 9 |  9.0
Fire Magic     | 3 |  3.6
Spellcasting   | 3 |  3.1
Fighting       | 5 6 7 9 12 | 12.6
Throwing       | 2 3 5 8 |  8.8
Evocations     | 4 |  4.2

Action                     |  1- 3 |  4- 6 |  7- 9 | 10-12 || total
---------------------------+-------+-------+-------+-------++-------
  Melee: Mace              |    38 |     8 |    77 |       ||   123
         Flail             |       |       |    90 |     1 ||    91
         Punch             |       |       |     1 |       ||     1
  Throw: Stone             |       |     1 |     3 |       ||     4
         Boomerang         |       |       |    21 |       ||    21
         Large rock        |       |       |       |     3 ||     3
   Cast: Scorch            |    24 |    14 |   130 |     4 ||   172
 Invoke: Fiery Armour      |       |     1 |     3 |     1 ||     5
         Foxfire Swarm     |       |       |     2 |     2 ||     4
  Evoke: Wand              |       |       |     2 |     3 ||     5
    Use: Scroll            |       |       |    11 |       ||    11
         Potion            |       |       |     1 |       ||     1
 Armour: Robe              |    12 |     6 |   105 |     5 ||   128
  Dodge: Dodged            |    33 |     7 |   143 |     7 ||   190

Table legend: (Time is in decaauts)
 A = Elapsed time spent in this place.
 B = Non-inter-level travel time spent in this place.
 C = Inter-level travel time spent in this place.
 D = Time resting spent in this place.
 E = Time spent auto-exploring this place.
 F = Levels seen in this place.
 G = Mean time per level.
                   A        B        C        D        E       F      G
               +--------+--------+--------+--------+--------+-----+--------+
         Total |   9680 |   9391 |    289 |   3438 |   4616 |  10 |  968.0 |
       Dungeon |   8363 |   8074 |    289 |   2338 |   4616 |   8 | 1045.4 |
        Temple |    208 |    208 |      0 |    152 |      0 |   1 |  208.0 |
        Bailey |   1108 |   1108 |      0 |    948 |      0 |   1 | 1108.0 |
               +--------+--------+--------+--------+--------+-----+--------+

Top non-repeatable levels by time:
     D:2: 1600 daAuts
     D:5: 1270 daAuts
     D:7: 1248 daAuts
     D:1: 1247 daAuts
     D:6: 1140 daAuts
  Bailey: 1108 daAuts
     D:3: 869 daAuts
     D:4: 783 daAuts
  Temple: 208 daAuts
     D:8: 204 daAuts
